 Dungeon Crawl Stone Soup version 0.31-a0-1338-gb567cfdca4 (webtiles) character file.

Game seed: 1298753555501233902

57 gelatine the Trooper (level 3, -4/29 HPs)
             Began as a Demonspawn Fighter on Dec 22, 2023.
             Slain by an iguana (7 damage)
             ... on level 3 of the Dungeon.
             The game lasted 00:04:20 (1698 turns).

gelatine the Trooper (Demonspawn Fighter)           Turns: 1698, Time: 00:04:21

Health: -4/29      AC:  3    Str: 18    XL:     3   Next: 73%
Magic:  3/3        EV: 11    Int:  8    God:
Gold:   46         SH:  4    Dex: 12    Spells: 2/2 levels left

rFire   . . .        j - +0 hand axe
rCold   . . .        c - +0 buckler
rNeg    . . .        i - +0 leather armour
rPois   .            (no helmet)
rElec   .            (no cloak)
rCorr   .            (no gloves)
SInv    +            (no boots)
Will    .....        (no amulet)
Stlth   +            o - ring of see invisible
HPRegen 0.24/turn    (no ring)
MPRegen 0.08/turn

%: no passive effects
@: no status effects
A: demonic touch 1
a: no special abilities


You were on level 3 of the Dungeon.
You visited 1 branch of the dungeon, and saw 3 of its levels.

You collected 46 gold pieces.

Inventory:

Hand Weapons
 a - a +0 war axe
 j - a +0 hand axe (weapon)
Armour
 b - a +0 scale mail
 c - a +0 buckler (worn)
 i - a +0 leather armour (worn)
Magical Staves
 f - a staff of cold
Jewellery
 o - a ring of see invisible (left hand)
Talismans
 e - a serpent talisman
Scrolls
 d - a scroll of identify {unknown}
 g - a scroll of brand weapon {unknown}
 l - a scroll of teleportation {unknown}
 n - a scroll of blinking {unknown}
 p - a scroll of immolation {unknown}
Potions
 h - a potion of heal wounds {unknown}
 k - a potion of haste {unknown}
 m - a potion of lignification {unknown}


   Skills:
 * Level 3.3 Fighting
 * Level 2.0 Axes
 * Level 3.1 Armour
 * Level 0.9 Dodging
 * Level 0.5 Stealth
 * Level 2.9 Shields
 * Level 0.4 Spellcasting
 * Level 0.6 Evocations
 * Level 0.4 Shapeshifting


You had 2 spell levels left.
You didn't know any spells.
Your spell library contained the following spells:

 Spells                   Type           Power      Damage    Failure   Level
 Cigotuvi's Dreadful Rot  Necr/Alch/Air  0%         N/A       67%         2
 Dispel Undead            Necr           0%         3d6       99%         4
 Death Channel            Necr           0%         N/A       100%        6


Dungeon Overview and Level Annotations

Branches:
Dungeon (3/15)

Altars:


Innate Abilities, Weirdness & Mutations

Your touch may inflict minor irresistible damage on your foes.


Message History

The rat is heavily wounded.
The rat completely misses you.
You hit the rat.
You kill the rat!
You see here a rat corpse.
Found 3 stones.
Found a stone staircase leading down.
An iguana and an orc come into view.
Found a scroll labelled EFOSIDWEYG.
The iguana hisses angrily.
The orc shouts!
An endoplasm comes into view.
The endoplasm quivers.
The endoplasm jiggles.
You hit the orc but do no damage. The orc closely misses you.
You barely miss the orc. The orc closely misses you. x2
You hit the orc.
The orc is heavily wounded.
The orc hits you with a +0 war axe!
You closely miss the orc.
The orc is heavily wounded.
You block the orc's attack.
You hit the orc.
The orc is severely wounded.
The orc closely misses you.
You hit the orc.
The orc is almost dead.
The orc hits you with a +0 war axe. x2
You hit the orc.
You kill the orc!
You hit the endoplasm.
The endoplasm is lightly wounded.
The endoplasm hits you but does no damage.
You hit the endoplasm.
You kill the endoplasm!
You hit the iguana.
The iguana is moderately wounded.
The iguana bites you! x2
* * * LOW HITPOINT WARNING * * *
You hit the iguana but do no damage.
The iguana is moderately wounded.
The iguana bites you!
You die...

###############
#.............#
#..<..........##
#...............
#......†........
######.....##..
#.....# #
#..##@# ..#
###..##l##....#
.........J.....
........##.###.
..###..... # ..
....#...
.?>.....###
.##.(...#
#......


You could see an iguana.

Vanquished Creatures
  Terence (D:2)
  An adder (D:2)
  An orc (D:3)
  2 endoplasms
  A giant cockroach (D:1)
  2 goblins (D:2)
  3 hobgoblins
  3 ball pythons
  2 bats (D:2)
  3 frilled lizards
  2 kobolds (D:2)
  2 rats
23 creatures vanquished.

Notes
Turn   | Place    | Note
-------+----------+-------------------------------------------
     0 | D:1      | gelatine the Demonspawn Fighter began the quest for the
                  | Orb.
     0 | D:1      | Reached XP level 1. HP: 18/18 MP: 1/1
   651 | D:2      | Noticed Terence
   761 | D:2      | Gained mutation: Your touch may inflict minor irresistible
                  | damage on your foes. [demonic ancestry]
   761 | D:2      | Reached XP level 2. HP: 19/24 MP: 2/2
  1039 | D:2      | Killed Terence
  1040 | D:2      | Reached XP level 3. HP: 22/29 MP: 3/3
  1354 | D:2      | Found a faded altar of an unknown god.
  1698 | D:3      | Slain by an iguana

Illustrated notes

Levels and vault maps discovered:
D:1:      dreamdust_arrival_beginning_and_end, layout_basic
D:2:      layout_basic, hellmonk_ecumenical_altar_zigzags,
          hangedman_decor_growths, uniq_terence
D:3:      layout_basic, uniq_ijyb, uniq_crazy_yiuf_cottage, uniq_jessica

Skill      XL: |  1  2 |
---------------+-------+-----
Armour         | 3 |  3.1
Axes           | 2 |  2.0
Fighting       | |  3.3
Dodging        | |  0.9
Stealth        | |  0.5
Shields        | |  2.9
Spellcasting   | |  0.4
Evocations     | |  0.6
Shapeshifting  | |  0.4

Action                     || total
---------------------------++-------
  Melee: War axe           ||    21
         Hand axe          ||    46
    Use: Potion            ||     1
   Stab: Sleeping          ||     1
 Armour: Scale mail        ||    15
         Leather armour    ||    29
  Dodge: Dodged            ||    29
  Block: Buckler           ||    11

Table legend: (Time is in decaauts)
 A = Elapsed time spent in this place.
 B = Non-inter-level travel time spent in this place.
 C = Inter-level travel time spent in this place.
 D = Time resting spent in this place.
 E = Time spent auto-exploring this place.
 F = Levels seen in this place.
 G = Mean time per level.
                   A        B        C        D        E       F      G
               +--------+--------+--------+--------+--------+-----+--------+
         Total |   1716 |   1563 |    153 |      0 |   1289 |   3 |  572.0 |
       Dungeon |   1716 |   1563 |    153 |      0 |   1289 |   3 |  572.0 |
               +--------+--------+--------+--------+--------+-----+--------+

Top non-repeatable levels by time:
     D:2: 1025 daAuts
     D:1: 660 daAuts
     D:3: 30 daAuts
